 Dungeon Crawl Stone Soup version 0.28-a0-580-ga2639ab843 (webtiles) character file.

Game seed: 6248257901874786290

126 sleeves the Conjurer (level 4, 0/30 HPs)
             Began as a Demonspawn Conjurer on Oct 2, 2021.
             Killed from afar by Natasha (6 damage)
             ... with a magic dart
             ... on level 3 of the Dungeon.
             The game lasted 00:02:41 (2979 turns).

sleeves the Conjurer (Demonspawn Conjurer)          Turns: 2979, Time: 00:02:42

Health: 0/30       AC:  4    Str:  7    XL:     4   Next: 83%
Magic:  0/7        EV: 12    Int: 20    God:
Gold:   101        SH:  0    Dex: 12    Spells: 4/7 levels left

rFire   . . .      SeeInvis .   g - +0 dagger
rCold   . . .      Faith    .   (no shield)
rNeg    . . .      Spirit   .   a - +0 robe
rPois   .          Reflect  .   (no helmet)
rElec   .          Harm     .   (no cloak)
rCorr   .          Rampage  .   (no gloves)
Will    .....                   (no boots)
Stlth   ++........              (no amulet)
HPRegen 0.10/turn               (no ring)
MPRegen 0.10/turn               (no ring)

@: no status effects
A: claws 1, slimy green scales 1
a: no special abilities


You were on level 3 of the Dungeon.
You visited 1 branch of the dungeon, and saw 3 of its levels.

You collected 101 gold pieces.

Inventory:

Hand Weapons
 g - a +0 dagger (weapon)
   (You took it off a kobold on level 1 of the Dungeon)
Armour
 a - a +0 robe (worn)
Jewellery
 l - a ring of protection from cold
   (You found it on level 2 of the Dungeon)
 n - a +4 ring of evasion
   (You found it on level 3 of the Dungeon)
Wands
 p - a wand of polymorph (11)
   (You found it on level 3 of the Dungeon)
Scrolls
 c - a scroll of enchant armour {unknown}
 d - a scroll of teleportation {unknown}
 e - 2 scrolls of acquirement {unknown}
 h - 2 scrolls of fog {unknown}
 k - a scroll of enchant weapon {unknown}
 m - a scroll of immolation {unknown}
 o - a scroll of fear {unknown}
Potions
 b - a potion of haste {unknown}
 f - 3 potions of curing {unknown}
 i - a potion of magic {unknown}
 j - a potion of resistance {unknown}


   Skills:
 - Level 1.7 Dodging
 - Level 1.7 Stealth
 - Level 2.0 Spellcasting
 + Level 6.2 Conjurations


You had 4 spell levels left.
You knew the following spells:

 Your Spells              Type           Power      Damage    Failure   Level
a - Magic Dart            Conj           100%       1d8       1%          1
b - Searing Ray           Conj           54%        2d6       1%          2

Your spell library contained the following spells:

 Spells                   Type           Power      Damage    Failure   Level
 Dazzling Flash           Conj/Hex       28%        N/A       13%         3
 Animate Skeleton         Necr           4%         N/A       16%         1
 Apportation              Tloc           4%         N/A       16%         1
 Summon Small Mammal      Summ           8%         N/A       16%         1
 Fulminant Prism          Conj/Hex       7%         3d7       41%         4
 Iskenderun's Mystic Bla  Conj/Tloc      14%        2d5       41%         4
 Call Canine Familiar     Summ           2%         N/A       43%         3
 Summon Guardian Golem    Hex/Summ       2%         N/A       43%         3


Dungeon Overview and Level Annotations

Branches:
Dungeon (3/15)

Altars:

Annotations:
D:3 Natasha


Innate Abilities, Weirdness & Mutations

You have sharp fingernails.
You are partially covered in slimy green scales. (AC +2)


Message History

You add the spells Magic Dart, Searing Ray, Dazzling Flash, Fulminant Prism and Iskenderun's Mystic Blast to your library.
Welcome, sleeves the Demonspawn Conjurer.
Will you be the one to retrieve the awesome Orb of Zot from the depths?
Press ? for a list of commands and other information.
Found a staircase leading out of the dungeon.
Unknown command.
You enter the shallow water.
Moving in this stuff is going to be slow.
b - a smoky cyan potion
Found a ring mail.
A frilled lizard comes into view.
A frilled lizard is nearby!
You can't see any susceptible monsters within range! (Use Z to cast anyway.)
You can't see any susceptible monsters within range! (Use Z to cast anyway.)
You can't see any susceptible monsters within range! (Use Z to cast anyway.)
The magic dart hits the frilled lizard.
The frilled lizard is heavily wounded.
The magic dart hits the frilled lizard.
You kill the frilled lizard!
Magic restored.
c - a scroll labelled LUUCLO TOOMM
Found a stone staircase leading down.
You now have 11 gold pieces.
You pick up a book of Callings and begin reading...
You add the spells Summon Small Mammal, Call Canine Familiar and Summon Guardian Golem to your library.
You now have 26 gold pieces (gained 15).
d - a scroll labelled ENEUMM NOJAASK
Found a stone staircase leading down.
There is a stone staircase leading down here.
Found a ring mail.
You see here a +0 ring mail.
You see here a +0 ring mail.
A kobold comes into view. It is wielding a +0 dagger.
The magic dart hits the kobold.
The kobold is moderately wounded.
The magic dart hits the kobold.
You kill the kobold!
You can't see any susceptible monsters within range! (Use Z to cast anyway.)
Found a dagger.
Things that are here:
a +0 dagger; a kobold corpse A bat comes into view.
Okay, then.
A bat is nearby!
A bat is nearby!
A bat is nearby!
The magic dart hits the bat.
You kill the bat!
You can't see any susceptible monsters within range! (Use Z to cast anyway.)
Found 15 bolts.
There is a stone staircase leading down here.
A goblin comes into view. It is wielding a +0 club.
The goblin shouts!
A goblin is nearby!
The magic dart hits the goblin.
The goblin is heavily wounded.
The magic dart hits the goblin.
The goblin is severely wounded.
The magic dart hits the goblin.
You kill the goblin!
A kobold comes into view. It is wielding a +0 short sword.
You are too depleted to draw on your mana recklessly!
You start resting.
Magic restored.
You can't see any susceptible monsters within range! (Use Z to cast anyway.)
A goblin comes into view. It is wielding a +0 dagger.
The goblin shouts!
A goblin is nearby!
A goblin is nearby!
A goblin is nearby!
The magic dart hits the goblin.
You kill the goblin!
You can't see any susceptible monsters within range! (Use Z to cast anyway.)
You can't see any susceptible monsters within range! (Use Z to cast anyway.)
You see here a +0 dagger.
e - a scroll labelled QINEER ZICRUK
Found an escape hatch in the floor.
A kobold comes into view. It is wielding a +0 dagger.
The kobold shouts!
A kobold is nearby!
The magic dart hits the kobold but does no damage.
The magic dart hits the kobold but does no damage.
The magic dart hits the kobold.
You kill the kobold!
You are too depleted to draw on your mana recklessly!
You are too depleted to draw on your mana recklessly!
Found 17 arrows.
You see here a +0 dagger.
You pick up a book of Cantrips and begin reading...
You add the spells Animate Skeleton and Apportation to your library.
f - an amethyst potion A giant cockroach comes into view.
A giant cockroach is nearby!
The magic dart hits the giant cockroach.
The giant cockroach is severely wounded.
The magic dart hits the giant cockroach but does no damage.
The giant cockroach is severely wounded.
The magic dart hits the giant cockroach but does no damage.
The giant cockroach is severely wounded.
You are too depleted to draw on your mana recklessly!
A giant cockroach is nearby!
You are too depleted to draw on your mana recklessly!
You are too depleted to draw on your mana recklessly!
You are too depleted to draw on your mana recklessly!
The giant cockroach bites you.
You barely miss the giant cockroach.
The giant cockroach is severely wounded.
The giant cockroach misses you.
You barely miss the giant cockroach.
The giant cockroach is severely wounded.
The giant cockroach barely misses you.
You barely miss the giant cockroach.
The giant cockroach is severely wounded.
The giant cockroach bites you but does no damage.
The giant cockroach misses you.
You hit the giant cockroach but do no damage.
The giant cockroach is heavily wounded.
The giant cockroach bites you.
You barely miss the giant cockroach.
The giant cockroach is heavily wounded.
The giant cockroach closely misses you.
You barely miss the giant cockroach.
The giant cockroach is heavily wounded.
The giant cockroach closely misses you.
You closely miss the giant cockroach.
The giant cockroach is heavily wounded.
The giant cockroach bites you but does no damage.
You barely miss the giant cockroach.
The giant cockroach is heavily wounded.
The giant cockroach bites you. The giant cockroach misses you.
You hit the giant cockroach but do no damage.
The giant cockroach is heavily wounded.
The giant cockroach closely misses you.
You hit the giant cockroach but do no damage.
The giant cockroach is heavily wounded.
The giant cockroach closely misses you.
You hit the giant cockroach but do no damage.
The giant cockroach is heavily wounded.
The giant cockroach bites you but does no damage.
You hit the giant cockroach but do no damage.
The giant cockroach is heavily wounded.
The giant cockroach bites you but does no damage.
You hit the giant cockroach but do no damage.
The giant cockroach is heavily wounded.
The giant cockroach bites you but does no damage.
The giant cockroach closely misses you.
You hit the giant cockroach but do no damage.
The giant cockroach is moderately wounded.
The giant cockroach barely misses you.
You hit the giant cockroach.
The giant cockroach is heavily wounded.
The giant cockroach bites you but does no damage.
You hit the giant cockroach.
The giant cockroach is almost dead.
The giant cockroach misses you.
You completely miss the giant cockroach.
The giant cockroach is almost dead.
The giant cockroach barely misses you.
You hit the giant cockroach but do no damage.
The giant cockroach is almost dead.
The giant cockroach closely misses you.
The giant cockroach bites you but does no damage.
You hit the giant cockroach but do no damage.
The giant cockroach is severely wounded.
The giant cockroach bites you.
You closely miss the giant cockroach.
The giant cockroach is severely wounded.
The giant cockroach completely misses you.
The magic dart hits the giant cockroach.
You kill the giant cockroach!
You can't see any susceptible monsters within range! (Use Z to cast anyway.)
You can't see any susceptible monsters within range! (Use Z to cast anyway.) Search for what [? for help]? dag You see here a +0 dagger.
g - a +0 dagger
g - a +0 dagger (weapon)
HP restored.
An endoplasm comes into view.
The endoplasm moves out of view.
An endoplasm is nearby!
An endoplasm is nearby!
An endoplasm is nearby!
The magic dart hits the endoplasm.
The endoplasm is heavily wounded.
The magic dart hits the endoplasm.
The endoplasm is almost dead.
The endoplasm hits you but does no damage.
The magic dart hits the endoplasm.
You kill the endoplasm!
You have reached level 2!
Your demonic ancestry asserts itself...
Slimy green scales grow over part of your body.
Found a stone staircase leading down.
There is a stone staircase leading down here.
A ball python comes into view.
The ball python hisses angrily.
A ball python is nearby!
The magic dart hits the ball python.
You kill the ball python!
You can't see any susceptible monsters within range! (Use Z to cast anyway.)
You can't see any susceptible monsters within range! (Use Z to cast anyway.)
You can't see any susceptible monsters within range! (Use Z to cast anyway.)
Found 4 poisoned darts.
You see here 4 poisoned darts.
You open the door.
A bat comes into view.
A bat is nearby!
You can't see any susceptible monsters within range! (Use Z to cast anyway.)
You can't see any susceptible monsters within range! (Use Z to cast anyway.)
You can't see any susceptible monsters within range! (Use Z to cast anyway.)
Found a faded altar of an unknown god.
There is an open door here.
A bat is nearby!
The bat barely misses you.
The magic dart hits the bat.
The bat is severely wounded.
The bat closely misses you.
The magic dart hits the bat.
You kill the bat!
There is an open door here.
There is an open door here.
You see here a bat corpse.
There is a faded altar of an unknown god here.
There is a faded altar of an unknown god here.
You see here a bat corpse.
There is an open door here.
You see here 4 poisoned darts.
Key pressed, stopping explore.
There is an escape hatch in the floor here.
h - a scroll labelled MUQUGHI GIVVEA You enter the shallow water.
Moving in this stuff is going to be slow.
There is a stone staircase leading down here.
You see here a +0 club.
There is a stone staircase leading down here.
The magic dart hits the kobold but does no damage.
The magic dart hits the kobold but does no damage.
The magic dart hits the kobold.
The kobold is severely wounded.
The magic dart hits the kobold.
You kill the kobold!
You can't see any susceptible monsters within range! (Use Z to cast anyway.)
You can't see any susceptible monsters within range! (Use Z to cast anyway.)
You see here a +0 short sword.
You see here a +0 club.
There is a stone staircase leading down here.
You open the door.
There is an open door here.
There is a stone staircase leading down here.
Key pressed, stopping explore.
You enter the shallow water.
Moving in this stuff is going to be slow.
Partly explored, can't reach some places.
Partly explored, can't reach some places.
Partly explored, can't reach some places.
(D) Dungeon
Where to? (Enter - D:1 @ (x,y), ? - help)
You enter the shallow water.
Moving in this stuff is going to be slow.
There is a stone staircase leading down here.
You climb downwards.
There is a stone staircase leading up here.
Found a stone staircase leading up.
There is a stone staircase leading up here.
i - a lumpy puce potion A bat comes into view.
The magic dart hits the bat.
You kill the bat!
You can't see any susceptible monsters within range! (Use Z to cast anyway.)
You can't see any susceptible monsters within range! (Use Z to cast anyway.)
You can't see any susceptible monsters within range! (Use Z to cast anyway.) Magic restored.
A hobgoblin comes into view.
A hobgoblin is nearby!
A hobgoblin is nearby!
The magic dart hits the hobgoblin.
The hobgoblin is moderately wounded.
The magic dart hits the hobgoblin.
The hobgoblin is almost dead.
The magic dart hits the hobgoblin.
You kill the hobgoblin!
You see here a hobgoblin corpse.
You open the door.
Found 12 stones.
A bat and a giant cockroach come into view.
There is an open door here.
There are monsters nearby!
The magic dart hits the bat.
The bat is moderately wounded.
The magic dart hits the giant cockroach.
The giant cockroach is almost dead.
The magic dart hits the bat.
You kill the bat!
The magic dart hits the giant cockroach.
You kill the giant cockroach!
You can't see any susceptible monsters within range! (Use Z to cast anyway.)
A dart slug comes into view.
A dart slug is nearby!
A dart slug is nearby!
A dart slug is nearby!
The magic dart hits the dart slug.
The dart slug is heavily wounded.
The dart slug launches a dart at you. The slug dart hits you.
You miscast Magic Dart.
You are very lightly contaminated with residual magic.
Nothing appears to happen.
* * * LOW MAGIC WARNING * * *
You are too depleted to draw on your mana recklessly!
You are too depleted to draw on your mana recklessly!
A dart slug is nearby!
You see here a bat corpse.
The dart slug launches a dart at you. The slug dart misses you.
Found an escape hatch in the ceiling.
You see here 12 stones.
You completely miss the dart slug.
The dart slug is heavily wounded.
The dart slug barely misses you.
You hit the dart slug but do no damage.
The dart slug is heavily wounded.
The dart slug launches a dart at you. The slug dart misses you.
You hit the dart slug.
The dart slug is severely wounded.
The dart slug bites you.
Your magical contamination has completely faded away.
You hit the dart slug.
The dart slug is almost dead.
You hit the dart slug.
The dart slug is almost dead.
The dart slug launches a dart at you.
The slug dart hits you but does no damage.
You hit the dart slug.
You kill the dart slug!
No target in view!
No target in view!
No target in view!
No target in view!
You can't see any susceptible monsters within range! (Use Z to cast anyway.) HP restored.
There is an escape hatch in the ceiling here.
Found a hand axe.
There is an escape hatch in the ceiling here.
You see here a +0 hand axe.
Found 15 sling bullets.
Found a stone staircase leading down.
You enter the shallow water.
Moving in this stuff is going to be slow.
A worm comes into view.
A worm is nearby!
A worm is nearby!
You hit the plant.
The plant begins to die.
The plant is lightly damaged.
A nearby plant withers and dies.
Memorise Searing Ray, consuming 2 spell levels and leaving 2?
You start memorising the spell.
You continue memorising. x2
You finish memorising.
Spell assigned to 'b'.
Okay, then.
Casting: Magic Dart (safe; 2% risk of failure)
Confirm with . or Enter, or press ? or * to list all spells.
Aiming: Searing Ray (safe; 3% risk of failure)
Press: ? - help, Shift-Dir - straight line, f - worm
Aim: a worm (92% to hit)
The searing ray hits the worm!
The worm is heavily wounded. (Press . to maintain the ray.)
The searing ray hits the worm.
The worm is heavily wounded.
The searing ray hits the worm.
The worm is almost dead.
The searing ray hits the worm.
You kill the worm!
* * * LOW MAGIC WARNING * * *
You finish channelling your searing ray.
j - a fuming grey potion You open the door.
There is an open door here.
You now have 32 gold pieces (gained 6).
You open the door.
There is an open door here.
A goblin comes into view. It is wielding a +0 dagger.
The goblin shouts!
A goblin is nearby!
A goblin is nearby!
A goblin is nearby!
The magic dart hits the goblin!
You kill the goblin!
You can't see any susceptible monsters within range! (Use Z to cast anyway.)
You see here a +0 dagger.
A bat comes into view.
A bat is nearby!
A bat is nearby!
A bat is nearby!
The magic dart hits the bat.
You kill the bat!
You can't see any susceptible monsters within range! (Use Z to cast anyway.)
You can't see any susceptible monsters within range! (Use Z to cast anyway.)
You can't see any susceptible monsters within range! (Use Z to cast anyway.)
You now have 48 gold pieces (gained 16).
A quokka comes into view.
A quokka is nearby!
A quokka is nearby!
A quokka is nearby!
The magic dart hits the quokka.
The quokka is moderately wounded.
The magic dart hits the quokka.
You kill the quokka!
You can't see any susceptible monsters within range! (Use Z to cast anyway.)
You can't see any susceptible monsters within range! (Use Z to cast anyway.)
You open the large door.
There is a large open door here.
Found a stone staircase leading down.
There is a large open door here.
There is a large open door here.
There is a large open door here.
Found a stone staircase leading up.
You now have 60 gold pieces (gained 12).
Found 17 bolts.
You can't see any susceptible monsters within range! (Use Z to cast anyway.)
You see here 17 bolts.
Found a short sword.
Found 19 arrows.
You now have 73 gold pieces (gained 13).
k - a scroll labelled VAJUAH APPE
There is a stone staircase leading up here.
A goblin comes into view. It is wielding a +0 club.
The goblin shouts!
A goblin is nearby!
The magic dart hits the goblin.
You kill the goblin!
You can't see any susceptible monsters within range! (Use Z to cast anyway.)
You can't see any susceptible monsters within range! (Use Z to cast anyway.)
Things that are here:
a +0 club; a goblin corpse
Found a hunting sling.
You open the door.
There is an open door here.
A frilled lizard comes into view.
The magic dart hits the frilled lizard.
You kill the frilled lizard!
Your Conjurations skill increases to level 5!
You can't see any susceptible monsters within range! (Use Z to cast anyway.) Unknown command.
A hobgoblin comes into view.
The hobgoblin shouts!
A hobgoblin is nearby!
A hobgoblin is nearby!
The magic dart hits the hobgoblin.
The hobgoblin is heavily wounded.
The hobgoblin closely misses you.
The magic dart hits the hobgoblin.
The hobgoblin is severely wounded.
The hobgoblin closely misses you.
The magic dart hits the hobgoblin.
The hobgoblin is almost dead.
The hobgoblin barely misses you.
The magic dart hits the hobgoblin.
You kill the hobgoblin!
You have reached level 3!
Your experience leads to an increase in your attributes!
Increase (S)trength, (I)ntelligence, or (D)exterity?
You feel clever.
Your demonic ancestry asserts itself...
Your fingernails lengthen.
You see here a hobgoblin corpse.
A gnoll comes into view. It is wielding a +0 club.
A gnoll is nearby!
A gnoll is nearby!
The magic dart hits the gnoll.
The gnoll is lightly wounded.
The gnoll shouts!
A gnoll comes into view. It is wielding a +0 club.
A gnoll comes into view. It is wielding a +0 halberd.
The magic dart hits the gnoll but does no damage.
The gnoll is lightly wounded.
The gnoll shouts! x2
The magic dart hits the gnoll.
The gnoll is moderately wounded.
The magic dart hits the gnoll.
The gnoll is severely wounded.
The magic dart hits the gnoll.
You kill the gnoll!
A worm comes into view.
You see here a hobgoblin corpse.
Casting: Magic Dart (safe; 1% risk of failure)
Confirm with . or Enter, or press ? or * to list all spells.
Aiming: Searing Ray (safe; 2% risk of failure)
Press: ? - help, Shift-Dir - straight line, f - gnoll
Aim: a gnoll, wielding a +0 club (81% to hit)
The searing ray misses the gnoll.
The searing ray hits the gnoll.
The gnoll is moderately wounded. (Press . to maintain the ray.)
The searing ray hits the gnoll!
The gnoll is severely wounded.
The searing ray hits the gnoll!
The gnoll is almost dead.
The searing ray hits the gnoll!
You kill the gnoll!
The searing ray hits the gnoll!
You kill the gnoll!
* * * LOW MAGIC WARNING * * *
A bat comes into view.
A bat is nearby!
A bat is nearby!
A bat is nearby!
You are too depleted to draw on your mana recklessly!
The bat hits you but does no damage. The bat closely misses you.
The bat hits you but does no damage.
You hit the bat.
The bat is severely wounded.
The bat closely misses you. The bat misses you.
There is an open door here.
You hit the bat.
You kill the bat!
No target in view!
You open the door. You open the door.
There is an open door here.
As you open the door, it creaks loudly!
There is an open door here.
A worm is nearby!
A worm is nearby!
A worm is nearby!
The magic dart hits the worm.
The worm is moderately wounded.
The magic dart hits the worm.
The worm is heavily wounded.
The magic dart hits the worm.
The worm is heavily wounded.
The magic dart hits the worm.
The worm is severely wounded.
The magic dart hits the worm.
The worm is almost dead.
The worm completely misses you.
The magic dart hits the worm.
The worm is almost dead.
* * * LOW MAGIC WARNING * * *
The worm bites you.
You are too depleted to draw on your mana recklessly!
You are too depleted to draw on your mana recklessly!
You hit the worm.
You kill the worm!
No target in view!
No target in view!
No target in view!
Found an escape hatch in the floor.
An adder comes into view.
An adder is nearby!
An adder is nearby!
The magic dart hits the adder but does no damage.
The adder hisses angrily.
The magic dart hits the adder.
The adder is moderately wounded.
The magic dart hits the adder.
The adder is heavily wounded.
The magic dart hits the adder.
You kill the adder!
You have reached level 4!
You feel agile.
Found a stone staircase leading down.
A bat comes into view.
A bat is nearby!
A bat is nearby!
The bat barely misses you.
The magic dart hits the bat.
You kill the bat!
You can't see any susceptible monsters within range! (Use Z to cast anyway.)
You can't see any susceptible monsters within range! (Use Z to cast anyway.) No target in view!
You see here a bat corpse.
A kobold comes into view. It is wielding a +0 whip.
A kobold is nearby!
A kobold is nearby!
A kobold is nearby!
The magic dart hits the kobold.
You kill the kobold!
You can't see any susceptible monsters within range! (Use Z to cast anyway.)
You can't see any susceptible monsters within range! (Use Z to cast anyway.)
You can't see any susceptible monsters within range! (Use Z to cast anyway.)
You now have 85 gold pieces (gained 12).
A quokka comes into view.
A quokka is nearby!
A quokka is nearby!
A quokka is nearby!
The magic dart hits the quokka.
The quokka is almost dead.
The magic dart hits the quokka.
You kill the quokka!
You can't see any susceptible monsters within range! (Use Z to cast anyway.)
You can't see any susceptible monsters within range! (Use Z to cast anyway.)
l - a ring of protection from cold A goblin comes into view.
It is wielding a +0 club.
A goblin is nearby!
A goblin is nearby!
The magic dart hits the goblin!
You kill the goblin!
You can't see any susceptible monsters within range! (Use Z to cast anyway.)
You can't see any susceptible monsters within range! (Use Z to cast anyway.)
There is a fountain of clear blue water here.
f - 3 amethyst potions (gained 2)
You see here a bat corpse.
There is an open door here.
You see here a +0 hand axe.
There is a large open door here.
There is a large open door here.
There is a stone staircase leading down here.
Done exploring.
Done exploring.
Done exploring.
You can't see any susceptible monsters within range! (Use Z to cast anyway.)
You can't see any susceptible monsters within range! (Use Z to cast anyway.)
(D) Dungeon
Where to? (Enter - D:2, ? - help)
There is a stone staircase leading down here.
You climb downwards.
Found a whip and a scroll labelled DAULOR UJAXASM.
Found a stone staircase leading down.
There is a stone staircase leading up here.
An adder comes into view.
The adder hisses angrily.
You see here a +0 whip.
An adder is nearby!
An adder is nearby!
The magic dart hits the adder.
The adder is heavily wounded.
The magic dart hits the adder but does no damage.
The adder is heavily wounded.
The magic dart hits the adder.
You kill the adder!
You can't see any susceptible monsters within range! (Use Z to cast anyway.)
A bat comes into view.
A bat is nearby!
A bat is nearby!
A bat is nearby!
The magic dart hits the bat.
You kill the bat!
A kobold comes into view. It is wielding a +0 whip.
The magic dart hits the kobold.
You kill the kobold!
No target in view!
You can't see any susceptible monsters within range! (Use Z to cast anyway.) Magic restored.
There is a stone staircase leading down here.
m - a scroll labelled DAULOR UJAXASM
h - 2 scrolls labelled MUQUGHI GIVVEA (gained 1)
n - a +4 ring of evasion
Found a stone staircase leading up.
You now have 101 gold pieces (gained 16).
An adder comes into view.
The magic dart hits the adder.
The adder is heavily wounded.
The magic dart hits the adder!
You kill the adder!
Your Conjurations skill increases to level 6!
You can't see any susceptible monsters within range! (Use Z to cast anyway.)
You can't see any susceptible monsters within range! (Use Z to cast anyway.)
A frilled lizard comes into view.
A frilled lizard is nearby!
A frilled lizard is nearby!
A frilled lizard is nearby!
The magic dart hits the frilled lizard!
You kill the frilled lizard!
You can't see any susceptible monsters within range! (Use Z to cast anyway.)
You can't see any susceptible monsters within range! (Use Z to cast anyway.)
You can't see any susceptible monsters within range! (Use Z to cast anyway.)
Found a dagger.
You see here an adder corpse.
Found a stone staircase leading up.
You see here a frilled lizard corpse.
e - 2 scrolls labelled QINEER ZICRUK (gained 1)
An endoplasm comes into view.
The endoplasm quivers.
The endoplasm jiggles.
The magic dart hits the endoplasm.
The endoplasm is moderately wounded.
The magic dart hits the endoplasm!
You kill the endoplasm!
You can't see any susceptible monsters within range! (Use Z to cast anyway.)
You can't see any susceptible monsters within range! (Use Z to cast anyway.)
You can't see any susceptible monsters within range! (Use Z to cast anyway.)
Found a scimitar.
An adder comes into view.
An adder is nearby!
The magic dart hits the adder.
The adder is severely wounded.
The adder hisses angrily.
The magic dart hits the adder.
You kill the adder!
You can't see any susceptible monsters within range! (Use Z to cast anyway.)
You can't see any susceptible monsters within range! (Use Z to cast anyway.)
Found a rapier.
o - a scroll labelled KEUJIZI BAUK A hobgoblin comes into view.
The hobgoblin shouts!
You hear a shout!
You hear an angry hiss.
A hobgoblin is nearby!
The magic dart hits the hobgoblin but does no damage.
The hobgoblin hits you.
The magic dart hits the hobgoblin.
You kill the hobgoblin!
You can't see any susceptible monsters within range! (Use Z to cast anyway.)
You can't see any susceptible monsters within range! (Use Z to cast anyway.)
An orc comes into view. It is wielding a +0 mace.
An orc is nearby!
An orc is nearby!
An orc is nearby!
An orc is nearby!
The magic dart hits the orc.
The orc is heavily wounded.
The orc hits you but does no damage.
The magic dart hits the orc.
You kill the orc!
You can't see any susceptible monsters within range! (Use Z to cast anyway.)
You can't see any susceptible monsters within range! (Use Z to cast anyway.)
An adder comes into view.
An adder is nearby!
An adder is nearby!
The magic dart hits the adder.
The adder is lightly wounded.
The adder hisses angrily.
The adder bites you but does no damage.
The magic dart hits the adder!
The adder is almost dead.
The adder bites you.
The magic dart hits the adder.
You kill the adder!
You can't see any susceptible monsters within range! (Use Z to cast anyway.) HP restored.
Things that are here:
a +0 mace; a hobgoblin corpse
Found a robe.
You see here a +0 robe.
p - a wand of polymorph (11)
A bat comes into view.
A bat is nearby!
A bat is nearby!
A bat is nearby!
The magic dart hits the bat.
You kill the bat!
You can't see any susceptible monsters within range! (Use Z to cast anyway.)
You can't see any susceptible monsters within range! (Use Z to cast anyway.)
You can't see any susceptible monsters within range! (Use Z to cast anyway.) Natasha, Servant of Life and Death comes into view.
Natasha hisses angrily.
Natasha is nearby!
Natasha is nearby!
Natasha is nearby!
The magic dart hits Natasha!
Natasha is moderately wounded.
The magic dart hits Natasha.
Natasha is heavily wounded.
The magic dart hits Natasha.
Natasha is severely wounded.
Natasha mumbles some strange words.
The magic dart hits the white imp.
The white imp is moderately wounded.
The white imp barely misses you.
The magic dart hits the white imp.
The white imp is heavily wounded.
The white imp shouts, "Kneel, thou fulsome earth-vexing puttock!"
The white imp hits you. The white imp freezes you.
The magic dart hits the white imp.
The white imp is almost dead.
A kobold comes into view. It is wielding a +0 whip.
The white imp barely misses you.
The magic dart hits the white imp but does no damage.
The white imp is almost dead.
The kobold shouts!
* * * LOW MAGIC WARNING * * *
Natasha mumbles some strange words.
The white imp barely misses you.
You are too depleted to draw on your mana recklessly!
Casting: Magic Dart (safe; 1% risk of failure)
Confirm with . or Enter, or press ? or * to list all spells.
You don't have enough magic to cast this spell.
Unknown command.
The white imp closely misses you.
You hit the white imp but do no damage.
The white imp is almost dead.
The white imp closely misses you.
You hit the white imp but do no damage.
The white imp is almost dead.
You completely miss the crimson imp. You completely miss the crimson imp.
The crimson imp summons a swarm of flies.
The crimson imp barely misses you.
The crimson imp blinks!
You closely miss the crimson imp. The crimson imp barely misses you.
You closely miss the white imp.
The white imp is severely wounded.
The crimson imp hits you but does no damage.
The white imp gestures at you. The puff of frost hits you.
You barely miss the crimson imp.
Natasha mumbles some strange words.
The crimson imp hits you but does no damage.
The white imp hits you but does no damage.
You hit the crimson imp but do no damage.
The crimson imp shouts, "Scamper home, thou surly shard-borne harpy!"
The crimson imp barely misses you. The white imp gestures at you.
The puff of frost hits you.
Natasha mumbles some strange words.
Natasha shimmers violently.
You closely miss the crimson imp. The crimson imp hits you.
The white imp barely misses you.
You barely miss the crimson imp.
The white imp disappears in a puff of smoke!
The crimson imp barely misses you.
You miss the crimson imp. The kobold hits you but does no damage.
The crimson imp blinks!
You closely miss the crimson imp. The kobold closely misses you.
Natasha mumbles some strange words.
The crimson imp blinks!
You hit the crimson imp but do no damage.
The kobold barely misses you. The crimson imp closely misses you.
Casting: Magic Dart (safe; 1% risk of failure)
Confirm with . or Enter, or press ? or * to list all spells.
Aiming: Searing Ray (safe; 1% risk of failure)
Press: ? - help, Shift-Dir - straight line, f - Natasha
Aim: Natasha (heavily wounded, 74% to hit)
The searing ray hits the kobold.
You kill the kobold!
The searing ray hits Natasha.
Natasha is severely wounded.
The searing ray hits the shadow imp.
The shadow imp is lightly wounded.
The searing ray misses the crimson imp. (Press . to maintain the ray.)
* * * LOW MAGIC WARNING * * *
The crimson imp hits you.
Natasha stares at you and mumbles some strange words.
The magic dart hits you.
* * * LOW HITPOINT WARNING * * *
Without enough magic to sustain it, your searing ray dissipates.
The crimson imp hits you but does no damage.
Natasha stares at you and mumbles some strange words.
The magic dart hits you.
* * * LOW HITPOINT WARNING * * *
Okay, then.
You hit Natasha.
Natasha is almost dead.
The crimson imp hits you.
* * * LOW HITPOINT WARNING * * *
Natasha stares at you and mumbles some strange words.
The magic dart hits you.
You die...

#. #.# #.# .. #.#
#.# #.##### #.# #.#
#.....##########.#
#.#
#......[.........#
#.#
....###.############
. #.# #.# #########
#.# #.5@h55.#
#.####.#####.#
#......# #.#
########


Kh. #..## †... ##..# #..# #..# You could see Natasha, 2 crimson imps and a
shadow imp (summoned).

Vanquished Creatures
  3 gnolls (D:2)
  5 adders
  2 worms (D:2)
  A dart slug (D:2)
  An orc (D:3)
  2 endoplasms
  2 giant cockroaches
  5 goblins
  3 hobgoblins
  6 kobolds
  2 quokkas (D:2)
  A ball python (D:1)
  9 bats
  3 frilled lizards
45 creatures vanquished.

Vanquished Creatures (others)
  5 plants
5 creatures vanquished.

Grand Total: 50 creatures vanquished

Notes
Turn   | Place    | Note
-------+----------+-------------------------------------------
     0 | D:1      | sleeves the Demonspawn Conjurer began the quest for the
                  | Orb.
     0 | D:1      | Reached XP level 1. HP: 13/13 MP: 3/3
   784 | D:1      | Gained mutation: You are partially covered in slimy green
                  | scales. (AC +2) [demonic ancestry]
   784 | D:1      | Reached XP level 2. HP: 19/19 MP: 0/5
   915 | D:1      | Found a faded altar of an unknown god.
  1643 | D:2      | Learned a level 2 spell: Searing Ray
  2037 | D:2      | Reached skill level 5 in Conjurations
  2063 | D:2      | Gained mutation: You have sharp fingernails. [demonic
                  | ancestry]
  2063 | D:2      | Reached XP level 3. HP: 24/24 MP: 1/6
  2312 | D:2      | Reached XP level 4. HP: 30/30 MP: 2/7
  2700 | D:3      | Reached skill level 6 in Conjurations
  2951 | D:3      | Noticed Natasha
  2977 | D:3      | HP: 13/30 [Natasha/magic dart (4)]
  2979 | D:3      | HP: 6/30 [crimson imp[Natasha] (3)]
  2979 | D:3      | Killed from afar by Natasha

Illustrated notes

Levels and vault maps discovered:
D:1:      kilobyte_arrival_exit_the_forest, layout_loops_cross, serial_forest,
          infiniplex_forest_lined_2, infiniplex_forest_straight_4,
          infiniplex_forest_clump_double, infiniplex_forest_zigzag_1,
          infiniplex_forest_clump_diagonal, infiniplex_forest_clump_C,
          infiniplex_forest_end_1, shapermc_ecumenical_altar_flowoftime
D:2:      layout_basic, serial_corexii_hall, corexii_hall_statues_l,
          corexii_hall_statues_i, corexii_hall_statues_l, serial_bayou_pond_d
D:3:      layout_loops_ring, lemuel_old_faithful, uniq_robin, uniq_natasha

Skill      XL: |  1  2  3  4 |
---------------+-------------+-----
Conjurations   | 5 6 |  6.2
Dodging        | |  1.7
Stealth        | |  1.7
Spellcasting   | |  2.0

Action                   |  1- 3 |  4- 6 || total
-------------------------+-------+-------++-------
Melee: Unarmed           |    20 |       ||    20
       Dagger            |    10 |    14 ||    24
 Cast: Magic Dart        |    60 |    32 ||    92
       Searing Ray       |     2 |     1 ||     3
Armor: Robe              |    11 |     7 ||    18
Dodge: Dodged            |    26 |    14 ||    40

Table legend: (Time is in decaauts)
 A = Elapsed time spent in this place.
 B = Non-inter-level travel time spent in this place.
 C = Inter-level travel time spent in this place.
 D = Time resting spent in this place.
 E = Time spent auto-exploring this place.
 F = Levels seen in this place.
 G = Mean time per level.
                   A        B        C        D        E       F      G
               +--------+--------+--------+--------+--------+-----+--------+
         Total |   2988 |   2925 |     63 |     20 |   2595 |   3 |  996.0 |
       Dungeon |   2988 |   2925 |     63 |     20 |   2595 |   3 |  996.0 |
               +--------+--------+--------+--------+--------+-----+--------+

Top non-repeatable levels by time:
     D:1: 1408 daAuts
     D:2: 1204 daAuts
     D:3: 374 daAuts
